AoeStats
← All Conquistadors Are BSTRD

Arabia

510537813Analyzed
1v1 RM · 1d ago on Oct 1, 2026· 34m 48s· 2 players
Game mode
Random Map
Map size
Tiny (2 player)
Population
200
Speed
Normal
Resources
Standard
Victory
Conquest
Starting age
Dark Age
Ending age
Imperial Age
RankedLock teamsTeams togetherTeam positionsShared explorationLock speedFull tech treeHidden civsTurbo modeCheats
Victory
Defeat
1320
+18
🇻🇳 Danes · Vietnam
1361
-18
All Conquistadors Are BSTRD
6:44 Loom
6:47 Loom
9:42 Feudal Age
9:59 Man-at-Arms
15:44 Horse Collar
17:03 Double-Bit Axe
18:46 Scale Barding Armor
19:37 Wheelbarrow
19:28 Forging
21:55 Bloodlines
24:38 Castle Age
23:45 Gold Mining
25:30 Husbandry
26:27 Town Watch
27:04 Chain Barding Armor
28:52 Light Cavalry
32:33 Bow Saw
33:31 Iron Casting
Ca Si Han Quoc
7:17 Loom
9:25 Feudal Age
9:28 Man-at-Arms
10:04 Double-Bit Axe
19:24 Horse Collar
21:54 Castle Age
19:50 Gold Mining
20:17 Fletching
22:42 Scale Barding Armor
22:39 Bodkin Arrow
23:55 Bow Saw
25:51 Husbandry
26:01 Bloodlines
27:22 Forging
28:29 Ballistics
29:48 Padded Archer Armor
32:55 Squires
33:22 Scale Mail Armor
Connection lost

Rejoining the realm…

Still unreachable

The connection could not be restored.

Session expired

The server has moved on; the page needs a fresh start.